 Dungeon Crawl Stone Soup version 0.28.0-45-g0d030f2227 (webtiles) character file.

Game seed: 8392477872667880480

94 namelastname112 the Insei (level 4, -9/60 HPs)
             Began as a Draconian Monk on Mar 29, 2022.
             Killed by nerve-wracking pain
             ... invoked by an orc priest
              (11 damage)
             ... on level 3 of the Dungeon.
             The game lasted 00:01:59 (2046 turns).

namelastname112 the Insei (Draconian Monk)          Turns: 2046, Time: 00:01:59

Health: -9/60      AC:  5    Str: 14    XL:     4   Next: 38%
Magic:  5/6        EV: 13    Int: 10    God:
Gold:   72         SH:  0    Dex: 15    Spells: 4/5 levels left

rFire   . . .      SeeInvis .     - Unarmed
rCold   . . .      Faith    .   (no shield)
rNeg    . . .      Spirit   .   (armour unavailable)
rPois   .          Reflect  .   (helmet restricted)
rElec   .          Harm     .   (no cloak)
rCorr   .          Rampage  .   (no gloves)
Will    .....                   (no boots)
Stlth   ..........              (no amulet)
HPRegen 0.20/turn               (no ring)
MPRegen 0.10/turn               (no ring)

@: berserking, very quick
A: AC +5, unfitting armour, cold-blooded
a: no special abilities


You were on level 3 of the Dungeon.
You visited 1 branch of the dungeon, and saw 3 of its levels.

You collected 72 gold pieces.

Inventory:

Scrolls
 a - a scroll of noise {unknown}
 b - a scroll of teleportation {unknown}
 e - a scroll of magic mapping {unknown}
 f - a scroll of fog {unknown}
 g - a scroll of torment {unknown}
 h - a scroll of amnesia {unknown}
 i - a scroll of brand weapon {unknown}
Potions
 d - 3 potions of ambrosia {unknown}
 j - a potion of lignification {unknown}


   Skills:
 + Level 3.9 Fighting
 + Level 3.2 Dodging
 - Level 1.7 Stealth
 * Level 4.0 Unarmed Combat
 + Level 1.3 Spellcasting
 + Level 0.4 Transmutations


You had 4 spell levels left.
You knew the following spells:

 Your Spells              Type           Power      Damage    Failure   Level
a - Sting                 Tmut/Pois      4%         1d3       30%         1

Your spell library contained the following spells:

 Spells                   Type           Power      Damage    Failure   Level
 Foxfire                  Conj/Fire      0%         2x1d4     32%         1
 Poisonous Vapours        Pois/Air       0%         N/A       45%         2
 Conjure Flame            Conj/Fire      0%         6-21      69%         3
 Inner Flame              Hex/Fire       0%         N/A       69%         3
 Flame Wave               Conj/Fire      0%         2d4       97%         4
 Olgreb's Toxic Radiance  Pois           0%         N/A       97%         4


Dungeon Overview and Level Annotations

Branches:
Dungeon (3/15)

Altars:


Innate Abilities, Weirdness & Mutations

Your plain brown scales are hard. (AC +5)
You cannot fit into any form of body armour.
You are cold-blooded and may be slowed by cold attacks.


Message History

The orc is moderately wounded!
The orc closely misses you!
You barely miss the orc!
The orc is moderately wounded!
The orc hits you with a +0 trident!
You closely miss the orc!
The orc is moderately wounded!
The orc closely misses you!
You squash the orc like an ant!
Your tail-slap misses the orc!
The orc is moderately wounded!
The orc closely misses you!
You squash the orc but do no damage!
You punch the orc!
You annihilate the orc!!!
Your Unarmed Combat skill increases to level 4!!!
Things that are here:
a +0 trident; a +0 falchion; an orc corpse You start resting!
An orc priest is nearby!!!
You start resting!
An orc priest is nearby!!!
You beat the orc priest but do no damage!
Your tail-slap misses the orc priest!
The orc priest misses you!
You closely miss the orc priest!
The orc priest calls down the wrath of Beogh upon you!
Pain shoots through your body!!! * * * don't die
* * * You squash the orc priest like an ant!!!
Your tail-slap misses the orc priest!
The orc priest is heavily wounded!
The orc priest hits you but does no damage!
You pulverise the orc priest but do no damage!
The orc priest is heavily wounded!
The orc priest hits you with a +0 club! * * * don't die
* * * It was a potion of berserk rage!
A red film seems to cover your vision as you go berserk!!!
You feel yourself moving faster!!!
You feel mighty!!!
The orc priest invokes the aid of Beogh against you!
Pain shoots through your body!!! rip

#.. #.# .# #.# .#
#.# ###.## #<#
#.... #.# #.#.#
#.###.#.# #.......#
####.#@## ##
#)###o# $.. ##.#.##
#'## ####o#####
#...## #...)....#
#.....#
#.##..##o###.......
#.##...#.##........
........o'..o.....
.##...#.##o.......


You could see an orc priest.

Vanquished Creatures
  An orc priest (D:3)
  A worm (D:1)
  A dart slug (D:1)
  3 orcs (D:3)
  7 endoplasms
  2 giant cockroaches
  9 goblins
  7 hobgoblins
  2 quokkas
  3 ball pythons
  4 bats
  3 frilled lizards
  4 kobolds
  4 rats
51 creatures vanquished.

Notes
Turn   | Place    | Note
-------+----------+-------------------------------------------
     0 | D:1      | namelastname112 the Draconian Monk began the quest for the
                  | Orb.
     0 | D:1      | Reached XP level 1. HP: 19/19 MP: 1/1
   193 | D:1      | Reached XP level 2. HP: 21/26 MP: 2/2
   392 | D:1      | Found a faded altar of an unknown god.
   550 | D:1      | Reached XP level 3. HP: 28/31 MP: 4/4
  1179 | D:2      | Reached skill level 1 in Spellcasting
  1940 | D:3      | Learned a level 1 spell: Sting
  2033 | D:3      | Reached XP level 4. HP: 21/40 MP: 4/6
  2038 | D:3      | Reached skill level 4 in Unarmed Combat
  2045 | D:3      | HP: 1/40 [orc priest/+0 club (5)]
  2046 | D:3      | Killed from afar by an orc priest

Illustrated notes

Levels and vault maps discovered:
D:1:      eino_arrival_cavern_e, layout_rooms, ebering_ecumenical_altar_box
D:2:      layout_loops_cross
D:3:      layout_loops_corners, uniq_terence, uniq_grinder

Skill      XL: |  1  2  3  4 |
---------------+-------------+-----
Dodging        | 3 |  3.2
Spellcasting   | 1 |  1.3
Unarmed Combat | 4 |  4.0
Fighting       | |  3.9
Stealth        | |  1.7
Transmutations | |  0.4

Action                   |  1- 3 |  4- 6 || total
-------------------------+-------+-------++-------
Melee: Unarmed           |   153 |     9 ||   162
       Tailslap          |    17 |       ||    17
       Punch             |     5 |     1 ||     6
  Use: Potion            |       |     1 ||     1
 Stab: Sleeping          |     6 |       ||     6
Armor: Skin              |    44 |     1 ||    45
Dodge: Dodged            |    96 |     4 ||   100
